AoeStats
← ThunderboltX

Arabia

509851688Analyzed
1v1 RM · 5d ago on Sep 28, 2026· 44m 38s· 2 players
Game mode
Random Map
Map size
Tiny (2 player)
Population
200
Speed
Normal
Resources
Standard
Victory
Conquest
Starting age
Dark Age
Ending age
Imperial Age
RankedLock teamsTeams togetherTeam positionsShared explorationLock speedFull tech treeHidden civsTurbo modeCheats
Victory
Defeat
🇧🇬 Persians · Bulgaria
2354
+6
🇨🇳 Chinese · China
2087
-6
CN_Dauh
0:26 Loom
8:02 Feudal Age
8:55 Double-Bit Axe
9:43 Horse Collar
17:09 Forging
17:35 Fletching
19:08 Wheelbarrow
23:14 Castle Age
21:55 Padded Archer Armor
23:14 Crossbowman
23:50 Bodkin Arrow
24:26 Bow Saw
28:04 Scale Barding Armor
30:09 Ballistics
30:34 Town Watch
31:22 Elite Skirmisher
33:16 Leather Archer Armor
41:46 Imperial Age
39:48 Scale Mail Armor
41:41 Thumb Ring
41:50 Squires
42:08 Masonry
43:59 Bracer
43:54 Capped Ram
ThunderboltX
8:03 Feudal Age
6:21 Loom
8:45 Double-Bit Axe
15:37 Fletching
16:48 Scale Barding Armor
18:21 Bloodlines
18:33 Horse Collar
22:33 Wheelbarrow
25:23 Castle Age
23:55 Padded Archer Armor
25:57 Bodkin Arrow
25:23 Elite Skirmisher
26:15 Bow Saw
26:27 Husbandry
27:25 Parthian Tactics
27:51 Leather Archer Armor
30:02 Ballistics
29:58 Thumb Ring
37:16 Imperial Age
35:40 Gold Mining
38:34 Chemistry
38:26 Town Watch
38:45 Stone Mining
39:40 Ring Archer Armor
40:14 Heavy Plow
40:44 Hand Cart
42:13 Gold Shaft Mining
42:13 Light Cavalry
43:14 Chain Barding Armor
43:04 Forging
43:48 Masonry
45:00 Citadels
45:28 Iron Casting
Connection lost

Rejoining the realm…

Still unreachable

The connection could not be restored.

Session expired

The server has moved on; the page needs a fresh start.